[Event "Titled Tuesday Blitz October 26 2021"]
[White "Bluebaum, Matthias"]
[Black "Rottenwohrer Suarez, Juan"]
[WhiteFideId "24651516"]
[BlackFideId "32068182"]
[WhiteElo "2681"]
[BlackElo "2158"]
[Result "1-0"]
[Round "02"]
[TimeControl "180+1"]
[Date "2021.10.26"]
[WhiteClock "0:01:30"]
[BlackClock "0:00:44"]

1. d4 Nf6 2. Nf3 g6 3. Nc3 d5 4. Bf4 Bg7 5. e3 O-O 6. Nb5 Na6 7. h3 c6 8. Nc3 Nc7 9. Be2 h6 10. O-O Ne4 11. Nxe4 dxe4 12. Nd2 f5 13. c3 Nd5 14. Bh2 Be6 15. a4 Bf7 16. Nc4 Nb6 17. Ne5 Bxe5 18. Bxe5 Nc4 19. Bh2 Nxb2 20. Qb1 Qb6 21. Qc2 Nd3 22. Rfb1 Qa6 23. Bg3 Bc4 24. a5 Rfd8 25. Qa4 Rd5 26. Kh2 g5 27. Kg1 Rf8 28. Bh2 Rb5 29. Qxc4+ 1-0


[Site "https://www.chess.com"]

[Event "Titled Tuesday Blitz October 26 2021"]
[White "Budrewicz, Krzysztof"]
[Black "Abarca Gonzalez, Nicolas"]
[WhiteFideId "1127950"]
[BlackFideId "3409422"]
[WhiteElo "2242"]
[BlackElo "2504"]
[Result "0-1"]
[Round "02"]
[TimeControl "180+1"]
[Date "2021.10.26"]
[WhiteClock "0:00:13"]
[BlackClock "0:00:33"]

1. d4 Nf6 2. c4 e5 3. dxe5 Ng4 4. Bf4 g5 5. Bd2 Bg7 6. Nf3 Nxe5 7. Nxe5 Bxe5 8. Bc3 Nc6 9. e3 d6 10. Be2 O-O 11. Bxe5 Nxe5 12. Nc3 f5 13. Qd5+ Kh8 14. O-O-O Qe7 15. Qd4 f4 16. Nd5 Qg7 17. exf4 gxf4 18. Nxf4 c5 19. Qe3 b5 20. g3 bxc4 21. Rxd6 Rb8 22. Qc3 Re8 23. Rhd1 Bf5 24. Nh5 Nd3+ 25. Bxd3 Qxc3+ 26. bxc3 cxd3 27. f3 Re2 28. Rd2 Re7 29. Rf2 Reb7 30. Kd2 Rb2+ 31. Ke3 Re8+ 32. Kf4 Rxf2 33. Nf6 Rf8 0-1


[Site "https://www.chess.com"]

[Event "Titled Tuesday Blitz October 26 2021"]
[White "Chernobay, Artem"]
[Black "Sorokin, Aleksey"]
[WhiteFideId "4167406"]
[BlackFideId "24176460"]
[WhiteElo "2480"]
[BlackElo "2476"]
[Result "0-1"]
[Round "02"]
[TimeControl "180+1"]
[Date "2021.10.26"]
[WhiteClock "0:00:14"]
[BlackClock "0:01:06"]

1. d4 Nf6 2. c4 g6 3. Nc3 d5 4. cxd5 Nxd5 5. e4 Nxc3 6. bxc3 Bg7 7. Bc4 c5 8. Ne2 Nc6 9. Be3 O-O 10. O-O Bg4 11. f3 Na5 12. Bxf7+ Rxf7 13. fxg4 Rxf1+ 14. Kxf1 Qd6 15. e5 Nc4 16. Bf2 Qe6 17. h3 Bh6 18. Kg1 Rf8 19. Qb3 Qf7 20. Bh4 Be3+ 21. Kh1 g5 22. Bg3 b6 23. Ng1 Nd2 24. Qc2 Qc4 25. dxc5 Rf1 26. Rxf1 Nxf1 27. Bf2 Bxc5 28. Nf3 Ne3 29. Bxe3 Bxe3 30. Qf5 Qf1+ 31. Kh2 Bf4+ 32. g3 Qf2+ 33. Kh1 Qxf3+ 0-1


[Site "https://www.chess.com"]

[Event "Titled Tuesday Blitz October 26 2021"]
[White "Do Valle Cardoso, Lucas"]
[Black "Obregon, Andres Carlos"]
[WhiteFideId "2163144"]
[BlackFideId "111724"]
[WhiteElo "2387"]
[BlackElo "2572"]
[Result "0-1"]
[Round "02"]
[TimeControl "180+1"]
[Date "2021.10.26"]
[WhiteClock "0:00:01"]
[BlackClock "0:00:18"]

1. e4 c5 2. Nf3 g6 3. Nc3 Bg7 4. d4 cxd4 5. Nxd4 Nc6 6. Be3 Nf6 7. Nxc6 bxc6 8. e5 Ng8 9. Bd4 f6 10. Qe2 fxe5 11. Bxe5 Nf6 12. O-O-O O-O 13. f4 d6 14. h3 Qc7 15. Bd4 Nh5 16. g4 Nxf4 17. Qc4+ Be6 18. Qa4 Bh6 19. Kb1 Nd5 20. Bc4 Bf7 21. g5 Bxg5 22. Rhg1 Bh6 23. Ne4 e5 24. Bf2 Be6 25. Bb3 Rad8 26. Qxa7 Qxa7 27. Bxa7 Bxh3 28. c4 Nf4 29. Nxd6 Ne2 30. c5+ Kg7 31. Rge1 Bg4 32. Bb6 Rd7 33. Ba4 Nd4 34. Rxd4 exd4 35. Bxc6 d3 36. Bxd7 d2 37. Rg1 Be3 38. Bxg4 Bxg1 39. Kc2 Be3 40. Nc4 Bg5 41. Nxd2 Rf2 42. Ba5 h5 43. Be6 Re2 44. Bd7 h4 45. c6 Bf4 46. c7 Bxc7 47. Bxc7 Re7 48. Ba5 Rxd7 49. Bc3+ Kh6 50. a4 h3 51. Nf3 g5 52. Ne5 Ra7 53. a5 Kh5 54. Nf3 g4 55. Nh2 g3 56. Nf1 g2 57. Ng3+ Kg4 58. Ne2 h2 59. Bd4 Rxa5 60. b4 Rb5 61. Kc3 h1=Q 62. Kc4 Qh5 63. Bc5 Rb8 0-1


[Site "https://www.chess.com"]

[Event "Titled Tuesday Blitz October 26 2021"]
[White "Dobrov, Vladimir"]
[Black "Dorokhin, Mykhailo"]
[WhiteFideId "4136594"]
[BlackFideId "14114178"]
[WhiteElo "2614"]
[BlackElo "2280"]
[Result "0-1"]
[Round "02"]
[TimeControl "180+1"]
[Date "2021.10.26"]
[WhiteClock "0:00:20"]
[BlackClock "0:00:25"]

1. d4 d5 2. c4 e6 3. Nc3 Nf6 4. cxd5 exd5 5. Bg5 c6 6. e3 Bf5 7. Qf3 Bg6 8. Bxf6 Qxf6 9. Qxf6 gxf6 10. Nf3 Nd7 11. g3 a5 12. Nh4 a4 13. Bh3 a3 14. b3 Bd3 15. Kd2 Ba6 16. Rac1 Bb4 17. Bf1 Bxf1 18. Rhxf1 Nf8 19. Nf5 Ng6 20. Kd3 Kd7 21. Ne2 Ke6 22. Ng7+ Ke7 23. g4 Nh4 24. Ng3 Rag8 25. N7f5+ Nxf5 26. Nxf5+ Ke6 27. h3 h5 28. f3 hxg4 29. hxg4 Rh2 30. Rc2 Rxc2 31. Kxc2 Rh8 32. Ng7+ Ke7 33. Nh5 f5 34. Rh1 fxg4 35. fxg4 Rg8 36. Rg1 Rg5 37. Ng3 Kf6 38. Nf5 Rg8 39. Kd3 Rh8 40. Rg2 Rh1 41. e4 Rd1+ 42. Kc2 Ra1 43. e5+ Kg5 44. Kd3 Rd1+ 45. Ke2 Rd2+ 46. Kf3 Rxg2 47. Kxg2 Kxg4 48. Nd6 Kf4 49. Nxb7 Ke4 50. Nd8 c5 51. dxc5 Bxc5 52. Nxf7 Kd3 53. e6 Kc2 54. Ne5 Kb1 55. Nd3 Bd6 56. b4 Kxa2 57. b5 Kb1 58. b6 a2 59. e7 Bxe7 0-1


[Site "https://www.chess.com"]

[Event "Titled Tuesday Blitz October 26 2021"]
[White "Fries-Nielsen, Jens Ove"]
[Black "Indjic, Aleksandar"]
[WhiteFideId "1400142"]
[BlackFideId "911925"]
[WhiteElo "2555"]
[BlackElo "2643"]
[Result "0-1"]
[Round "02"]
[TimeControl "180+1"]
[Date "2021.10.26"]
[WhiteClock "0:00:57"]
[BlackClock "0:00:32"]

1. e4 c5 2. f4 Nc6 3. Nf3 d5 4. exd5 Qxd5 5. Nc3 Qd8 6. Bb5 Bd7 7. O-O Nf6 8. Ne5 Rc8 9. Nxd7 Qxd7 10. d3 g6 11. Ne4 Bg7 12. Be3 b6 13. Qf3 O-O 14. c3 Nd5 15. Rad1 Nxe3 16. Qxe3 Qc7 17. Bxc6 Qxc6 18. f5 Rcd8 19. Rf3 Rd5 20. Rdf1 Qd7 21. fxg6 hxg6 22. Qf2 e6 23. Qh4 Rh5 24. Qg3 Qe7 25. Nf6+ Bxf6 26. Rxf6 Rh7 27. Qg5 Qd7 28. R1f3 Rd8 29. h4 Qd5 30. Qg3 Qh5 31. Qc7 Rf8 32. g3 g5 33. Kf2 gxh4 34. gxh4 Qxh4+ 35. Rg3+ Rg7 36. Rf3 Kh7 37. Kg2 Rfg8 0-1


[Site "https://www.chess.com"]

[Event "Titled Tuesday Blitz October 26 2021"]
[White "Gegenfurtner, Juergen"]
[Black "Hakobyan, Aram"]
[WhiteFideId "24632147"]
[BlackFideId "13306677"]
[WhiteElo "2398"]
[BlackElo "2557"]
[Result "0-1"]
[Round "02"]
[TimeControl "180+1"]
[Date "2021.10.26"]
[WhiteClock "0:00:18"]
[BlackClock "0:01:16"]

1. d4 Nf6 2. c4 e6 3. g3 c5 4. Nf3 cxd4 5. Nxd4 d5 6. Bg2 e5 7. Nb5 d4 8. O-O a6 9. N5a3 Nc6 10. Nc2 Be7 11. a3 O-O 12. b4 Be6 13. Nd2 Rc8 14. Bb2 Qd7 15. Re1 Rfd8 16. Rc1 a5 17. c5 Bd5 18. Nf3 axb4 19. axb4 Qe6 20. e3 d3 21. Na3 Nxb4 22. Nxe5 Bxg2 23. Kxg2 d2 0-1


[Site "https://www.chess.com"]

[Event "Titled Tuesday Blitz October 26 2021"]
[White "Ghazarian, Kirk"]
[Black "Cunjalo, Faris"]
[WhiteFideId "30908604"]
[BlackFideId "14410710"]
[WhiteElo "2003"]
[BlackElo "2234"]
[Result "1-0"]
[Round "02"]
[TimeControl "180+1"]
[Date "2021.10.26"]
[WhiteClock "0:00:05"]
[BlackClock "0:01:52"]

1. d4 g6 2. Bf4 Bg7 3. Nc3 d6 4. e4 Nd7 5. Qd2 e5 6. Bg5 Ngf6 7. Nge2 h6 8. Bh4 Qe7 9. Nd5 Qd8 10. Nxf6+ Bxf6 11. Bxf6 Nxf6 12. dxe5 dxe5 13. Qxd8+ Kxd8 14. Nc3 Be6 15. Bd3 c6 16. a4 a5 17. Nd1 Nd7 18. Ne3 Nc5 19. f3 Ke7 20. Ke2 Rhd8 21. Rhd1 Rd4 22. b3 Rad8 23. Bc4 f5 24. exf5 gxf5 25. Bxe6 Nxe6 26. Nxf5+ Kf6 27. Nxd4 exd4 28. Kf2 c5 29. Re1 Nf4 30. Re4 Nd5 31. Rae1 Ne3 32. R1xe3 dxe3+ 33. Kxe3 Rd1 34. Rc4 b6 35. h4 Re1+ 36. Kf4 Re2 37. g4 Rd2 38. g5+ hxg5+ 39. hxg5+ Kg6 40. Re4 Rxc2 41. Re6+ Kg7 42. Rxb6 c4 43. Kf5 Rc3 44. Rb7+ Kf8 45. bxc4 Rxf3+ 46. Kg6 Rf4 47. Rc7 Rd4 48. Rc8+ Ke7 49. Kg7 Kd7 50. Rc5 Rg4 51. g6 Ke7 52. Rxa5 Rxc4 53. Re5+ Kd6 54. Re1 Rxa4 55. Kh7 Rh4+ 56. Kg8 Kd7 57. g7 Kd6 58. Rf1 Ke7 59. Re1+ Kd7 60. Re5 Kd6 61. Re8 Kd7 62. Re3 Kd6 63. Kf7 Rf4+ 64. Kg6 Rg4+ 65. Kf6 Rg1 66. Rf3 1-0


[Site "https://www.chess.com"]

[Event "Titled Tuesday Blitz October 26 2021"]
[White "Gledura, Benjamin"]
[Black "Martin Carmona, Gaston Manuel"]
[WhiteFideId "712779"]
[BlackFideId "22284567"]
[WhiteElo "2326"]
[BlackElo "2161"]
[Result "1-0"]
[Round "02"]
[TimeControl "180+1"]
[Date "2021.10.26"]
[WhiteClock "0:01:48"]
[BlackClock "0:00:17"]

1. e4 c5 2. Nf3 d6 3. Nc3 Nf6 4. Bb5+ Nbd7 5. O-O g6 6. d4 cxd4 7. Nxd4 Bg7 8. a4 a6 9. Be2 O-O 10. Re1 Nc5 11. Bf1 b6 12. Nc6 Qc7 13. Nd5 Nxd5 14. exd5 e5 15. b4 Nd7 16. Ra3 Nb8 17. Rc3 Qd7 18. b5 f5 19. Ba3 e4 20. Nxb8 Rxb8 21. Rc6 Be5 22. bxa6 Qe7 23. Qb1 Bd7 24. Rxb6 Rxb6 25. Qxb6 Bxa4 26. c4 Qd8 27. c5 dxc5 28. Bxc5 Qxb6 29. Bxb6 Ra8 30. a7 Bd7 31. Ba6 Bc8 32. Bb5 Bb7 33. Bc6 Bxc6 34. dxc6 Kf7 35. g3 Ke7 36. Rd1 Bd6 37. c7 Bxc7 38. Bxc7 Rxa7 39. Bf4 Ra2 40. h4 Kf6 41. Rd6+ Kf7 42. Rc6 Rb2 43. Rc7+ Kf6 44. Rxh7 Ke6 45. Rg7 Kd5 46. Rxg6 e3 47. Bxe3 Ke4 48. Kg2 f4 49. Rg4 Kf5 50. Rxf4+ Kg6 51. g4 Kh7 52. h5 Rb5 53. Bd4 Rb4 54. g5 Rb5 55. g6+ Kh6 56. g7 Rg5+ 57. Kh3 Kxh5 58. Rh4+ 1-0


[Site "https://www.chess.com"]

[Event "Titled Tuesday Blitz October 26 2021"]
[White "Gontcharov, Vladislav"]
[Black "Gokerkan, Cem Kaan"]
[WhiteFideId "4123492"]
[BlackFideId "6336760"]
[WhiteElo "2503"]
[BlackElo "2382"]
[Result "0-1"]
[Round "02"]
[TimeControl "180+1"]
[Date "2021.10.26"]
[WhiteClock "0:00:47"]
[BlackClock "0:01:17"]

1. e4 c6 2. d4 d5 3. Nc3 dxe4 4. Nxe4 Bf5 5. Ng3 Bg6 6. Nh3 Nd7 7. Nf4 e6 8. Bc4 Ngf6 9. O-O Bd6 10. Qe2 Qc7 11. Bxe6 Bxf4 12. Bxf4 Qxf4 13. Bxd7+ Kxd7 14. Qc4 Rhe8 15. a4 Qd6 16. a5 Ke7 17. Qb3 Kf8 18. c3 Qd7 19. h3 Kg8 20. a6 bxa6 21. Qc4 Qd5 22. Qxa6 h5 23. Ra5 Qb3 24. Qxc6 Qxb2 25. Rg5 Qb6 26. Qc4 Rac8 27. Qa2 Qe6 28. d5 Qd6 29. c4 h4 30. Nf5 Qf4 31. Rxg6 fxg6 32. Ne3 Ne4 33. Ng4 Nf6 34. Ne3 Rxe3 35. fxe3 Qxe3+ 36. Kh2 Qe5+ 37. Kg1 Qd4+ 38. Kh2 Qxc4 39. Qxa7 Qxf1 40. Qe3 Re8 41. Qb3 Qf4+ 0-1


[Site "https://www.chess.com"]

[Event "Titled Tuesday Blitz October 26 2021"]
[White "Janaszak, Dawid"]
[Black "Sanal, Vahap"]
[WhiteFideId "1119206"]
[BlackFideId "6300545"]
[WhiteElo "2215"]
[BlackElo "2492"]
[Result "1-0"]
[Round "02"]
[TimeControl "180+1"]
[Date "2021.10.26"]
[WhiteClock "0:00:12"]
[BlackClock "0:00:12"]

1. e4 d6 2. Nc3 Nf6 3. d4 e5 4. Nge2 Nbd7 5. g3 Be7 6. Bg2 c6 7. a4 b6 8. h3 a6 9. g4 O-O 10. O-O Rb8 11. Be3 b5 12. axb5 axb5 13. Ng3 exd4 14. Bxd4 Ne5 15. g5 Ne8 16. f4 Nc4 17. b3 Nb6 18. h4 b4 19. Na4 Nxa4 20. Rxa4 c5 21. Bb2 Bd7 22. Ra1 Bb5 23. Re1 Nc7 24. Nf5 Ne6 25. Qg4 Re8 26. Rad1 Bf8 27. e5 g6 28. Nxd6 Bxd6 29. exd6 Bd7 30. Qf3 Qb6 31. Kh1 Nd4 32. Bxd4 cxd4 33. Qd5 Bf5 34. Kh2 d3 35. cxd3 Rbd8 36. Re7 Rxe7 37. dxe7 Re8 38. Re1 Qc7 39. Qe5 Qd7 40. Bd5 Qa7 41. Re2 Qd7 42. Bc4 Be6 43. Bxe6 fxe6 44. Qxe6+ Qxe6 45. Rxe6 Kf7 46. Re4 Rc8 47. e8=Q+ Rxe8 48. Rxe8 Kxe8 49. Kg3 Ke7 50. Kf3 h6 51. gxh6 1-0


[Site "https://www.chess.com"]

[Event "Titled Tuesday Blitz October 26 2021"]
[White "Kalashian, David"]
[Black "Le, Tuan Minh"]
[WhiteFideId "13302418"]
[BlackFideId "12401153"]
[WhiteElo "2490"]
[BlackElo "2450"]
[Result "1/2-1/2"]
[Round "02"]
[TimeControl "180+1"]
[Date "2021.10.26"]
[WhiteClock "0:00:08"]
[BlackClock "0:00:12"]

1. d4 d5 2. Nf3 Nf6 3. c4 c6 4. Qc2 dxc4 5. Qxc4 Bg4 6. e3 Nbd7 7. Nc3 e6 8. Be2 Bd6 9. h3 Bh5 10. g4 Bg6 11. Nh4 Be4 12. Nxe4 Nxe4 13. Nf3 Qa5+ 14. Kf1 h5 15. Qc2 Ndf6 16. Rg1 hxg4 17. hxg4 Ng5 18. Nxg5 Qxg5 19. e4 Bf4 20. Bf3 O-O-O 21. b4 Bxc1 22. Rxc1 Rxd4 23. a4 Rh2 24. Rg2 Rxg2 25. Bxg2 Nxg4 26. Rd1 Nh2+ 27. Kg1 Nf3+ 28. Kf1 Rxd1+ 29. Qxd1 Nd2+ 30. Kg1 Nc4 31. Qd4 Qc1+ 32. Kh2 Qf4+ 33. Kg1 Ne5 34. Qxa7 Ng4 35. b5 cxb5 36. axb5 Qc1+ 37. Bf1 Qg5 38. Bg2 Qxb5 39. Qa8+ Kc7 40. Qf8 Ne5 41. Bf1 Qc5 42. Qxc5+ Nc6 43. Qc3 f6 44. Kg2 Kd6 45. Be2 e5 46. Qd2+ Nd4 47. f4 Kc5 48. Bg4 b5 49. Qc3+ Kd6 50. fxe5+ fxe5 51. Qb4+ Kc6 52. Be6 Nxe6 53. Qb3 Nf4+ 54. Kf3 g5 55. Qc2+ Kb6 56. Kg4 b4 57. Kxg5 Ne6+ 58. Kf6 Nd4 59. Qc4 Nc6 60. Ke6 b3 61. Qxb3+ Kc5 62. Qc2+ Kb6 63. Qb2+ Kc5 64. Qb3 Nd4+ 65. Kxe5 Nxb3 66. Kf5 Nd4+ 67. Kf6 Nc6 68. e5 Nxe5 1/2-1/2


[Site "https://www.chess.com"]

[Event "Titled Tuesday Blitz October 26 2021"]
[White "Karttunen, Mika"]
[Black "Jobava, Baadur"]
[WhiteFideId "502081"]
[BlackFideId "13601520"]
[WhiteElo "2343"]
[BlackElo "2731"]
[Result "0-1"]
[Round "02"]
[TimeControl "180+1"]
[Date "2021.10.26"]
[WhiteClock "0:00:09"]
[BlackClock "0:00:33"]

1. d4 d5 2. c4 c6 3. Nc3 Nf6 4. Bf4 dxc4 5. e4 b5 6. e5 Nd5 7. Bd2 Bf5 8. g4 Bg6 9. Bg2 e6 10. h4 Nb4 11. Bg5 Be7 12. Bxe7 Qxe7 13. Kf1 Nc2 14. Rc1 Bd3+ 15. Nge2 Nxd4 16. Kg1 Nxe2+ 17. Nxe2 O-O 18. Nf4 Rd8 19. Nxd3 Rxd3 20. Qe2 Qc7 21. Rh3 Rxh3 22. Bxh3 Nd7 23. f4 Nc5 24. Rf1 Nd3 25. Bg2 Rd8 26. Qe4 g6 27. h5 Qb6+ 28. Kh2 Rd4 29. Qxc6 Qxc6 30. Bxc6 b4 31. h6 Rxf4 32. Rd1 Rxg4 33. b3 Rh4+ 34. Kg3 Rxh6 35. bxc4 Nxe5 36. Bb5 Rh5 37. c5 Rg5+ 38. Kf4 Rf5+ 39. Ke4 Ng4 40. Rc1 Nf6+ 41. Kd4 Rf4+ 42. Ke5 Rf5+ 43. Kd6 Kg7 44. Bc6 Rf2 45. Bh1 Rd2+ 46. Kc6 Rxa2 47. Kb5 b3 48. Rb1 b2 49. c6 Ra1 50. Rxb2 Rxh1 51. c7 Rc1 0-1


[Site "https://www.chess.com"]

[Event "Titled Tuesday Blitz October 26 2021"]
[White "Kislov, Oleg"]
[Black "Savchenko, Boris"]
[WhiteFideId "13503774"]
[BlackFideId "4147332"]
[WhiteElo "2252"]
[BlackElo "2526"]
[Result "1/2-1/2"]
[Round "02"]
[TimeControl "180+1"]
[Date "2021.10.26"]
[WhiteClock "0:00:03"]
[BlackClock "0:00:18"]

1. d4 Nf6 2. Nc3 d5 3. Bg5 c6 4. Qd3 b5 5. a3 Nbd7 6. e4 e6 7. e5 h6 8. Qh3 Rg8 9. Be3 Ne4 10. Nxe4 dxe4 11. Qg4 f5 12. Qg6+ Ke7 13. Bxh6 gxh6 14. Qxg8 Qe8 15. Nh3 Qf7 16. Qxf7+ Kxf7 17. Nf4 Nb6 18. b3 a5 19. Be2 Bd7 20. f3 exf3 21. Bxf3 Rc8 22. O-O c5 23. d5 c4 24. dxe6+ Bxe6 25. Bh5+ Ke7 26. Rad1 cxb3 27. Ng6+ Ke8 28. Nf4+ Bf7 29. Bxf7+ Kxf7 30. cxb3 Bxa3 31. e6+ Kf6 32. Nd5+ Kxe6 33. Nxb6 Bc5+ 34. Kh1 Bxb6 35. Rfe1+ Kf7 36. Rd7+ Kg8 37. Rd5 b4 38. Rxf5 Rc3 39. Rf3 Rc2 40. Re8+ Kg7 41. Re7+ Kg6 42. h4 Bd8 43. Re6+ Kg7 44. Re4 Bc7 45. Rg4+ Kh7 46. Rf7+ Kh8 47. g3 a4 48. bxa4 b3 49. Rf8+ Kh7 50. Rf7+ Kh8 51. Rb4 b2 52. Rxc7 Rxc7 53. Rxb2 Rc3 54. Kg2 Ra3 55. Rb4 Kg7 56. Kh3 h5 57. Rb5 Kg6 58. Rg5+ Kh6 59. a5 Ra2 60. Rb5 Kg6 61. Rb6+ Kg7 62. a6 Kh7 63. Rb7+ Kg6 64. Rb6+ Kg7 65. Rb5 Kg6 66. Rb6+ Kg7 67. g4 Ra3+ 68. Kg2 hxg4 69. Rb7+ Kg6 70. a7 Kh6 71. Rb6+ Kh5 72. Rb7 Kg6 73. Rb6+ Kf5 74. Rb5+ Kf4 75. Rb4+ Kf5 76. Rb5+ Kg6 77. Rb6+ Kh5 78. Rb5+ Kxh4 79. Rb7 Ra2+ 80. Kg1 Kh3 81. Rh7+ Kg3 82. Rf7 Ra1+ 83. Rf1 Rxa7 84. Rb1 Rf7 85. Re1 Kh3 86. Rd1 g3 87. Rc1 Rf2 88. Rd1 Re2 89. Rc1 Kg4 90. Rc4+ Kf3 91. Rc1 Rd2 92. Rf1+ Kg4 93. Rc1 g2 94. Rc4+ Kf3 95. Rc3+ Ke2 96. Kxg2 Rd3 97. Rxd3 Kxd3 1/2-1/2


[Site "https://www.chess.com"]

[Event "Titled Tuesday Blitz October 26 2021"]
[White "Laurent-Paoli, Pierre"]
[Black "Jones, Gawain C B"]
[WhiteFideId "26017962"]
[BlackFideId "409561"]
[WhiteElo "2390"]
[BlackElo "2657"]
[Result "0-1"]
[Round "02"]
[TimeControl "180+1"]
[Date "2021.10.26"]
[WhiteClock "0:00:22"]
[BlackClock "0:00:44"]

1. d4 Nf6 2. c4 g6 3. Nc3 Bg7 4. e4 d6 5. Nf3 O-O 6. Be2 e5 7. O-O Nbd7 8. Be3 Qe7 9. Qc2 c6 10. Rad1 h6 11. Rfe1 Ng4 12. Bc1 exd4 13. Nxd4 Nxf2 14. Kxf2 Qh4+ 15. Ke3 Bxd4+ 16. Kxd4 Qf2+ 17. Be3 c5+ 18. Kd3 Ne5+ 19. Kd2 Nxc4+ 20. Kc1 Nxe3 21. Qd2 Nxd1 22. Rxd1 Qh4 23. Bc4 Be6 24. Bxe6 fxe6 25. Qxd6 Qf4+ 26. Kb1 Qxd6 27. Rxd6 Rad8 28. Rxe6 Rd2 29. a3 Rxg2 30. Nd5 Rff2 31. Re8+ Kg7 32. Re7+ Rf7 33. Re8 b5 34. e5 Rff2 35. e6 Rxb2+ 36. Kc1 Rgc2+ 37. Kd1 Rd2+ 38. Kc1 Rxd5 39. Kxb2 Rd2+ 40. Kc3 Rxh2 41. Ra8 Kf6 42. Rxa7 Kxe6 43. Ra6+ Kf5 44. Rc6 b4+ 45. axb4 cxb4+ 46. Kxb4 Re2 47. Kc3 h5 48. Kd3 Re8 49. Rc5+ Kg4 50. Rc6 g5 51. Rc1 h4 52. Rg1+ Kh5 53. Re1 Rxe1 0-1


[Site "https://www.chess.com"]

[Event "Titled Tuesday Blitz October 26 2021"]
[White "Mamedyarov, Shakhriyar"]
[Black "Tologon tegin, Semetei"]
[WhiteFideId "13401319"]
[BlackFideId "13800574"]
[WhiteElo "2754"]
[BlackElo "2224"]
[Result "1-0"]
[Round "02"]
[TimeControl "180+1"]
[Date "2021.10.26"]
[WhiteClock "0:01:54"]
[BlackClock "0:00:05"]

1. c4 c5 2. g3 g6 3. Bg2 Bg7 4. Nc3 Nc6 5. e3 e6 6. Nge2 Nge7 7. d4 cxd4 8. exd4 d5 9. cxd5 exd5 10. O-O O-O 11. Be3 Be6 12. Nf4 Qb6 13. Na4 Qb5 14. Nxe6 fxe6 15. Nc5 e5 16. Ne6 exd4 17. Bg5 Rfc8 18. Re1 Nf5 19. a4 Qa5 20. Bh3 h6 21. Nxg7 Kxg7 22. Bxf5 gxf5 23. Bxh6+ Kxh6 24. Re6+ Kg7 25. Qh5 Rc7 26. Rg6+ Kf8 27. Qh8+ Ke7 28. Qh7+ Kd8 29. Rg8# 1-0


[Site "https://www.chess.com"]

[Event "Titled Tuesday Blitz October 26 2021"]
[White "Martic, Ivan"]
[Black "Bacrot, Etienne"]
[WhiteFideId "929301"]
[BlackFideId "605506"]
[WhiteElo "2290"]
[BlackElo "2673"]
[Result "1/2-1/2"]
[Round "02"]
[TimeControl "180+1"]
[Date "2021.10.26"]
[WhiteClock "0:00:07"]
[BlackClock "0:00:07"]

1. e4 c5 2. Nf3 d6 3. d4 cxd4 4. Nxd4 Nf6 5. f3 Nc6 6. c4 g6 7. Nc3 Bg7 8. Be3 O-O 9. Be2 Be6 10. Nxe6 fxe6 11. O-O Rc8 12. Qd2 a6 13. Kh1 Qa5 14. f4 Kh8 15. a3 Qd8 16. Rac1 Na5 17. e5 Nd7 18. Rcd1 Nxc4 19. Bxc4 Rxc4 20. exd6 Nf6 21. dxe7 Qxe7 22. Qe2 Rcc8 23. Bd4 Nh5 24. Bxg7+ Qxg7 25. Qxe6 Rce8 26. Qc4 Qh6 27. Qd4+ Kg8 28. Kg1 Nxf4 29. Rf2 Qg5 30. Kh1 Nh5 31. Rdf1 Rxf2 32. Qxf2 Qe7 33. Nd5 Qd7 34. Qd4 Rd8 35. Rd1 Rf8 36. g4 Qb5 37. Ne7+ Kf7 38. gxh5 Kxe7 39. Qd6+ Kf7 40. hxg6+ hxg6 41. Kg2 Kg7 42. Qd4+ Rf6 43. Qd7+ Rf7 44. Qxb5 axb5 45. Rd5 Rc7 46. Rxb5 Kf6 47. Rb6+ Kf5 48. Kg3 g5 49. h3 Rd7 50. Rb5+ Kf6 51. Rb6+ Kf5 52. a4 Rd3+ 53. Kg2 Rd7 54. Rb5+ Kf4 55. Rb4+ Kf5 56. Kg3 Rd3+ 57. Kg2 Rd2+ 58. Kf3 Rd3+ 59. Kg2 Rd7 60. Rb5+ Kf4 61. Rb4+ Kf5 1/2-1/2


[Site "https://www.chess.com"]

[Event "Titled Tuesday Blitz October 26 2021"]
[White "Martinez Alcantara, Jose Eduardo"]
[Black "Materia, Marco"]
[WhiteFideId "3805662"]
[BlackFideId "45150451"]
[WhiteElo "2690"]
[BlackElo "2597"]
[Result "1/2-1/2"]
[Round "02"]
[TimeControl "180+1"]
[Date "2021.10.26"]
[WhiteClock "0:00:17"]
[BlackClock "0:00:20"]

1. e4 c5 2. Nf3 e6 3. d4 cxd4 4. Nxd4 Nc6 5. Nc3 Qc7 6. Be3 a6 7. g4 b5 8. Nxc6 Qxc6 9. Qd2 b4 10. Ne2 Qxe4 11. Rg1 Qc4 12. Nf4 Qc7 13. O-O-O Nf6 14. Nh5 Nd5 15. Bd4 Rg8 16. Bg2 Bb7 17. Rge1 O-O-O 18. Be4 h6 19. Bh7 Rh8 20. Be4 Rg8 21. Kb1 Kb8 22. Bh7 Rh8 23. Be4 Rg8 24. f4 Rc8 25. f5 Ka8 26. Ka1 g6 27. fxg6 fxg6 28. Bxd5 gxh5 29. Bxb7+ Qxb7 30. gxh5 Rg5 31. Be3 Rd5 32. Qe2 Rxd1+ 33. Rxd1 d5 34. Bd4 Qc6 35. Kb1 Kb7 36. Rc1 a5 37. c3 bxc3 38. Rxc3 Qd7 39. Rb3+ Kc7 40. Qa6 Kd8 41. Qxa5+ Ke8 42. Qe1 Qh7+ 43. Ka1 Qe4 44. Qxe4 dxe4 45. Rc3 Rd8 46. Be3 Bg7 47. Rc1 Rd3 48. Re1 Kd7 49. Kb1 Kc6 50. Kc2 Rd8 51. Bd2 Kd5 52. a4 Rc8+ 53. Bc3 Bxc3 54. bxc3 Ra8 55. Rd1+ Ke5 56. Kb3 e3 57. Kc4 Rxa4+ 58. Kd3 Ra2 59. Re1 Rxh2 60. Rxe3+ Kd6 61. Ke4 Rxh5 62. Kf4 Rc5 63. Kg4 Kd5 64. Kh5 Kc4+ 65. Kxh6 e5 66. Kg5 Kb3 67. Kf5 Rxc3 68. Rxe5 Rc4 69. Re8 Rc3 70. Ke4 Rc4+ 71. Kd3 Rc3+ 72. Kd2 Rc2+ 73. Kd1 Rc4 74. Re5 Kb4 75. Kd2 Kb3 76. Rb5+ Rb4 77. Rc5 Rc4 78. Rb5+ Rb4 79. Rd5 Kc4 80. Rd8 Kc5 81. Kd3 Kc6 82. Kc3 Rh4 83. Rd3 Kc7 84. Rg3 Kc6 85. Rg6+ Kc7 86. Kd3 Kd7 87. Ke3 Kc7 88. Ra6 Kd7 89. Kf3 Kc7 90. Ra7+ Kb6 91. Rg7 Rb4 92. Rg6+ Ka5 93. Ke3 Ka4 94. Kd3 Ka5 95. Kc3 Rh4 96. Rg8 Kb6 97. Rc8 Kb7 98. Rc4 Rxc4+ 99. Kxc4 1/2-1/2


[Site "https://www.chess.com"]

[Event "Titled Tuesday Blitz October 26 2021"]
[White "Mikhailovsky, Vladimir"]
[Black "Beerdsen, Thomas"]
[WhiteFideId "34105414"]
[BlackFideId "1030108"]
[WhiteElo "2402"]
[BlackElo "2585"]
[Result "1-0"]
[Round "02"]
[TimeControl "180+1"]
[Date "2021.10.26"]
[WhiteClock "0:00:05"]
[BlackClock "0:00:06"]

1. c4 h6 2. Nc3 g5 3. h4 gxh4 4. Nf3 e6 5. Nxh4 Bg7 6. d4 d6 7. e4 Ne7 8. Be3 Nbc6 9. Qd2 a6 10. d5 exd5 11. cxd5 Ne5 12. Be2 c5 13. dxc6 N5xc6 14. O-O-O Be6 15. Kb1 Qa5 16. Nd5 Bxd5 17. exd5 Qxd2 18. Rxd2 Ne5 19. f4 Nd7 20. g4 Rc8 21. Bf3 h5 22. gxh5 Bh6 23. Rg1 Kf8 24. Rdg2 Rc4 25. b3 Rb4 26. Bd2 Rb5 27. Bc3 Rg8 28. Rxg8+ Nxg8 29. Nf5 Bxf4 30. Bg7+ Ke8 31. h6 Ndf6 32. Re1+ Kd8 33. Bxf6+ Nxf6 34. Re7 Bxh6 35. Rxf7 Nxd5 36. Bxd5 Rxd5 37. Nxh6 Rd2 38. Rxb7 a5 39. Ra7 d5 40. Rxa5 Kc7 41. Nf5 Kb6 42. Ra4 Rf2 43. Nd4 Kc5 44. Nc2 Rh2 45. Kb2 Rg2 46. Rd4 Rh2 47. Rd1 Rg2 48. Kc3 Rg3+ 49. Rd3 Rg2 50. a4 Rh2 51. Ne3 d4+ 52. Rxd4 Rh1 53. Rc4+ Kb6 54. Nc2 Ka5 55. Rc5+ Ka6 56. Kc4 Kb7 57. Nd4 Ka6 58. Kb4 Ka7 59. Rc6 Kb7 60. Rc4 Ka7 61. Kb5 Kb7 62. b4 Ka7 63. a5 Kb7 64. a6+ Ka7 65. Rc7+ Ka8 66. Rd7 Rh8 67. Ka5 Rh1 68. b5 Rh5 69. Rd8+ Ka7 70. Nc6# 1-0


[Site "https://www.chess.com"]

[Event "Titled Tuesday Blitz October 26 2021"]
[White "Milchev, Nikolay"]
[Black "Pultinevicius, Paulius"]
[WhiteFideId "2906090"]
[BlackFideId "12809390"]
[WhiteElo "2449"]
[BlackElo "2467"]
[Result "1-0"]
[Round "02"]
[TimeControl "180+1"]
[Date "2021.10.26"]
[WhiteClock "0:01:10"]
[BlackClock "0:00:01"]

1. Nf3 Nf6 2. c4 e6 3. g3 d5 4. Bg2 dxc4 5. Qa4+ Nbd7 6. Qxc4 a6 7. Qb3 c5 8. a4 Qc7 9. d3 b6 10. Bf4 Bd6 11. Bxd6 Qxd6 12. Nbd2 Bb7 13. Nc4 Qc7 14. O-O O-O 15. Rfc1 Rab8 16. e4 Rfd8 17. h3 Bc6 18. Qc3 h6 19. Nfe5 Nxe5 20. Nxe5 a5 21. Nxc6 Qxc6 22. d4 Nxe4 23. Qe3 f5 24. dxc5 bxc5 25. Bxe4 Qxe4 26. Qxe4 fxe4 27. Rxc5 Rxb2 28. Re5 Rdd2 29. Rf1 Rd4 30. Rxe6 Rxa4 31. Re5 Kh7 32. Re1 Raa2 33. Rf5 Rb4 34. Re5 Raa4 35. Rc1 Rd4 36. Rc7 Rd1+ 37. Kg2 Rd6 38. h4 Rf6 39. h5 1-0


[Site "https://www.chess.com"]